 Dungeon Crawl Stone Soup version 0.30.0-30-g96aa6591b8 (webtiles) character file.

Game seed: 5888276224107746005

170 Fodor the Covered (level 5, -3/46 HPs)
             Began as a Minotaur Fighter on June 28, 2023.
             Slain by an iguana (17 damage)
             ... on level 4 of the Dungeon.
             The game lasted 00:16:35 (3051 turns).

Fodor the Covered (Minotaur Fighter)                Turns: 3051, Time: 00:16:36

Health: -3/46      AC:  9    Str: 26    XL:     5   Next: 26%
Magic:  0/4        EV:  9    Int:  5    God:
Gold:   103        SH:  0    Dex: 13    Spells: 4/4 levels left

rFire   . . .        v - +7 trident of Arbitration {flame, Str+3 Dex+4}
rCold   . . .        z - orb {mayhem}
rNeg    . . .        D - +0 chain mail
rPois   .            (helmet restricted)
rElec   .            (no cloak)
rCorr   .            (no gloves)
SInv    .            (no boots)
Will    .....        m - amulet of guardian spirit Stlth
                     (no ring)
HPRegen 0.27/turn    (no ring)
MPRegen 0.09/turn

%: mayhem, guardian spirit
@: no status effects
A: horns 2, retaliatory headbutt
a: no special abilities


You were on level 4 of the Dungeon.
You visited 1 branch of the dungeon, and saw 4 of its levels.

You collected 133 gold pieces.
You spent 30 gold pieces at shops.

Inventory:

Hand Weapons
 a - a +0 heavy long sword
 u - a +1 hand axe of flaming
 v - the +7 trident of Arbitration (weapon) {flame, Str+3 Dex+4}
   (You found it on level 3 of the Dungeon)

   Str:       It affects your strength (+3).
   Dex:       It affects your dexterity (+4).
Missiles
 g - a throwing net
 q - 5 boomerangs (quivered)
 A - 2 poisoned darts
Armour
 c - a +0 buckler
 z - an orb of mayhem (worn)
 D - a +0 chain mail (worn)
Jewellery
 m - an amulet of guardian spirit (around neck)
Scrolls
 h - a scroll of teleportation
 i - a scroll of vulnerability {unknown}
 j - a scroll of blinking {unknown}
 n - a scroll of magic mapping {unknown}
 p - a scroll of amnesia
 s - a scroll of acquirement {unknown}
 t - a scroll of fog {unknown}
 w - 2 scrolls of silence {unknown}
 y - a scroll of identify {unknown}
Potions
 b - 2 potions of berserk rage {unknown}
 d - 2 potions of might
 e - a potion of flight {unknown}
 f - a potion of heal wounds {unknown}
 k - a potion of invisibility {unknown}
 l - 2 potions of mutation {unknown}
 o - 4 potions of curing {unknown}
 r - a potion of ambrosia {unknown}
 x - a potion of cancellation {unknown}
 B - a potion of magic {unknown}
 C - a potion of lignification {unknown}


   Skills:
 + Level 4.2 Fighting
 + Level 4.2 Long Blades
 + Level 0.6 Throwing
 + Level 4.6 Armour
 + Level 1.4 Dodging
 + Level 0.3 Stealth
 + Level 4.5 Shields


You had 4 spell levels left.
You didn't know any spells.
Your spell library contained the following spells:

 Spells                   Type           Power      Damage    Failure   Level
 Lesser Beckoning         Tloc           0%         N/A       98%         2
 Gell's Gravitas          Tloc           0%         N/A       100%        3
 Teleport Other           Tloc           0%         N/A       100%        3


Dungeon Overview and Level Annotations

Branches:
Dungeon (4/15)
 Temple: D:4-7

Altars:
Elyvilon
Yredelemnul

Shops:
D:2 (*=[


Innate Abilities, Weirdness & Mutations

You have a pair of horns on your head.
You reflexively headbutt those who attack you in melee.


Message History

You see here a +0 chain mail.
D - a +0 chain mail You start removing your armour.
You continue taking off your +0 scale mail. x4
You finish taking off your +0 scale mail.
You start putting on your armour.
You continue putting on your +0 chain mail. x5
You finish putting on your +0 chain mail.
You drop a +0 scale mail.
You start removing your armour.
You continue taking off your +0 buckler. x4
You finish taking off your +0 buckler.
You start putting on your armour.
You continue putting on your orb of mayhem. x5
You finish putting on your orb of mayhem.
b - 2 glowing red potions You hear a distant slurping noise.
A goblin comes into view. It is wielding a +0 dagger.
The goblin shouts!
An iguana comes into view.
The iguana hisses angrily.
The goblin hits you but does no damage.
You puncture the goblin! You burn the goblin.
You kill the goblin!
The iguana flies into a frenzy!
The iguana bites you! The iguana bites you. The iguana barely misses you.
You see here a +0 dagger.
The iguana bites you. The iguana barely misses you.
The iguana attacks as you move away! The iguana closely misses you.
You closely miss the iguana.
The iguana bites you but does no damage.
The iguana bites you.
An iguana is nearby!
You puncture the iguana! You burn the iguana.
The iguana is heavily wounded.
The iguana bites you! The iguana closely misses you.
You hit the iguana. You burn the iguana.
The iguana is severely wounded.
The iguana bites you!!
You die...

##. #.. ..
####.# ########
.. ..##.#
#...... ..
#.##≈# #....#
.##.##≈# #....#
...$#≈#
#@...#### ...#.#
#l....... #.
#.##.###)...####
#.#
#[##........# ..
##.##........#
#.
#...#.###.####
#.##...#..##>#
#............###
#...............


You could see a neutral iguana (fast, strong, insane).

Vanquished Creatures
  A gnoll bouda (D:3)
  4 adders
  3 gnolls (D:3)
  2 worms
  4 dart slugs
  2 orcs (D:3)
  4 ball pythons
  5 bats
  8 endoplasms
  2 giant cockroaches
  5 goblins
  5 hobgoblins
  2 quokkas
  2 frilled lizards
  7 kobolds
  3 rats (D:1)
59 creatures vanquished.

Notes
Turn   | Place    | Note
-------+----------+-------------------------------------------
     0 | D:1      | Fodor the Minotaur Fighter began the quest for the Orb.
     0 | D:1      | Reached XP level 1. HP: 19/19 MP: 0/0
   245 | D:1      | Found a faded altar of an unknown god.
   313 | D:1      | Reached XP level 2. HP: 26/27 MP: 1/1
  1045 | D:2      | Reached XP level 3. HP: 33/33 MP: 2/2
  1083 | D:2      | Found Dalost's Weapon Boutique.
  1117 | D:2      | Found Juviq's Assorted Antiques.
  1121 | D:2      | Bought a scroll labelled QUCSOO ROTHUSOU for 30 gold pieces
  1369 | D:2      | Found Mahe's Armour Shoppe.
  1490 | D:2      | Found Satum's Jewellery Shoppe.
  1632 | D:2      | Reached skill level 1 in Dodging
  1639 | D:2      | Reached XP level 4. HP: 21/40 MP: 3/3
  2394 | D:3      | Reached XP level 5. HP: 11/46 MP: 1/4
  2562 | D:3      | Identified the +7 trident of Arbitration {flame, Str+3
                  | Dex+4}
  2763 | D:3      | Found a white marble altar of Elyvilon.
  2948 | D:3      | Found a basalt altar of Yredelemnul.
  3051 | D:4      | Slain by an iguana

Illustrated notes

Levels and vault maps discovered:
D:1:      lightli_arrival_chessboard, layout_loops_corners,
          dilly_ecumenical_altar_fadedgnrine
D:2:      layout_loops_ring, serial_shops, nicolae_shop_trees,
          nicolae_shop_just_a_little_nook, nicolae_shop_peninsula,
          nicolae_shop_real_fake_doors, dreamdust_mushroom_princess,
          patterned_corridor
D:3:      layout_loops_ring, kennysheep_ying_yang
D:4:      layout_loops_ring, kennysheep_mini, mainiacjoe_overflow_paths,
          gammafunk_ghost_gnarly_gnolls, corexii_corridor_pit

Skill      XL: |  1  2  3  4 |
---------------+-------------+-----
Shields        | 4 |  4.5
Fighting       | 4 |  4.2
Armour         | 4 |  4.6
Long Blades    | 3 4 |  4.2
Dodging        | 1 |  1.4
Throwing       | |  0.6
Stealth        | |  0.3

Action                     |  1- 3 |  4- 6 || total
---------------------------+-------+-------++-------
  Melee: Long sword        |    74 |    42 ||   116
         Headbutt          |     7 |     6 ||    13
         Hand axe          |       |     7 ||     7
         Trident           |       |    10 ||    10
  Throw: Boomerang         |     4 |       ||     4
    Use: Scroll            |       |     3 ||     3
 Armour: Scale mail        |    38 |    27 ||    65
         Chain mail        |       |     2 ||     2
  Dodge: Dodged            |    44 |    31 ||    75
  Block: Buckler           |    30 |    13 ||    43
